Map: Romanticide LE

Players

A.I. 2 (Very Easy) - Winner!

  • Race: Terran Terran

PartinG

  • Race: Protoss Protoss
  • League: Master

VOD

Have the link to the VOD?

Description

Time

  • Played on: April 10, 2021, 2:58 a.m.
  • Length: 6:45
Show
View Real Time Build Order
Export as new Build Order

A.I. 2 (Very Easy) Terran - Winner!

Build Orders:  

Get SALT Encoding   

  12  0:00  SCV  
  13  0:13  SCV  
  14  0:18  Supply Depot  
  14  0:37  Refinery  
  14  0:42  Barracks  
  14  1:04  Supply Depot  
  14  1:12  Refinery  
  14  1:29  SCV  
  14  1:30  Marine  
  16  1:41  SCV  
  17  1:54  SCV  
  18  2:03  Marine  
  18  2:06  SCV  
  20  2:18  SCV  
  21  2:30  SCV  
  22  2:37  Marine  
  22  2:43  Orbital Command  
  23  5:53  SCV, Marine  
  23  5:55  Supply Depot  
  23  5:56  Factory  
  25  6:16  SCV  
  26  6:19  Supply Depot  
  26  6:28  SCV, Barracks Tech Lab  
  24  6:41  Starport  
Show
View Real Time Build Order
Export as new Build Order

PartinG Protoss 

Build Orders: 1 Gate Expand, Blink Stalkers, Colossus Rush 

Get SALT Encoding   

  12  0:00  Probe  
  13  0:12  Probe  
  14  0:18  Pylon  
  14  0:24  Probe  
  15  0:37  Probe (Chrono Boost), Gateway  
  16  0:46  Probe (Chrono Boost)  
  17  0:51  Probe (Chrono Boost)  
  18  1:10  Nexus  
  18  1:14  Assimilator  
  18  1:17  Probe  
  19  1:26  Cybernetics Core  
  19  1:30  Probe  
  20  1:35  Assimilator  
  20  1:42  Probe  
  20  1:46  Pylon  
  21  1:55  Probe  
  22  2:01  Adept (Chrono Boost)  
  22  2:05  Warp Gate  
  22  2:07  Probe  
  25  2:21  Probe (Chrono Boost), Stalker (Chrono Boost)  
  26  2:23  Probe (Chrono Boost)  
  29  2:34  Probe (Chrono Boost)  
  29  2:36  Probe (Chrono Boost)  
  31  2:38  Twilight Council  
  31  2:39  Probe (Chrono Boost)  
  31  2:43  Probe  
  33  2:49  Probe  
  34  2:54  Gateway  
  34  2:55  Probe  
  35  3:00  Stalker  
  35  3:03  Probe  
  38  3:05  Blink (Chrono Boost)  
  38  3:07  Probe  
  39  3:16  Probe  
  39  3:19  Probe  
  41  3:26  Robotics Facility  
  41  3:29  Probe, Pylon  
  41  3:31  Probe  
  43  3:36  Assimilator  
  43  3:38  Assimilator  
  43  3:42  Probe  
  43  3:43  Probe  
  43  3:47  Pylon  
  45  3:51  Pylon  
  45  3:53  Stalker  
  45  3:55  Probe  
  48  3:56  Probe  
  48  3:58  Stalker  
  51  4:07  Probe  
  51  4:08  Probe  
  53  4:13  Observer  
  54  4:17  Stalker  
  54  4:20  Probe x2  
  54  4:23  Robotics Bay  
  58  4:24  Stalker  
  60  4:32  Probe x2  
  60  4:34  Pylon  
  60  4:35  Pylon  
  60  4:36  Observer  
  63  4:41  Stalker  
  65  4:47  Observer  
  65  4:52  Nexus  
  65  4:56  Probe  
  65  4:57  Probe  
  65  4:58  Observer (Chrono Boost)  
  68  5:01  Forge  
  68  5:13  Probe x2  
  68  5:14  Colossus (Chrono Boost)  
  76  5:25  Probe x2  
  76  5:28  Gateway  
  78  5:37  Gateway  
  78  5:39  Probe x2  
  80  5:43  Gateway  
  80  5:45  Sentry  
  80  5:48  Gateway  
  82  6:00  Probe, Colossus (Chrono Boost)  
  82  6:01  Probe  
  90  6:07  Probe, Pylon  
  91  6:13  Pylon, Gateway  
  91  6:17  Gateway  
  91  6:21  Sentry x2  
  91  6:25  Probe x3  
  98  6:33  Zealot x2  
  98  6:38  Pylon  
Tags
 
Add a new tag
Caveats
  • Supply blocks, unpowered buildings, or Contaminate may cause inaccurate times.
  • Supply counts are checked every 10 seconds.